[Event "Titled Tuesday Blitz July 11 Early 2023"]
[White "Haug, Havard"]
[Black "Weetik, Vjacheslav"]
[WhiteFideId "1547887"]
[BlackFideId "4153472"]
[WhiteElo "2650"]
[BlackElo "2720"]
[Result "1-0"]
[Round "10"]
[TimeControl "180+2"]
[Date "2023.07.11"]
[WhiteClock "0:00:06"]
[BlackClock "0:00:00"]
[Board "30"]

1. e4 c6 2. d4 d5 3. exd5 cxd5 4. Bd3 Nf6 5. c4 dxc4 6. Bxc4 Nc6 7. d5 Ne5 8. Bb3 Bf5 9. Ba4+ Nfd7 10. Bc2 Bxc2 11. Qxc2 Qa5+ 12. Nc3 Qa6 13. Nge2 Nd3+ 14. Kf1 g6 15. a4 Rc8 16. Be3 Bg7 17. h4 O-O 18. Ra3 N7e5 19. Qb3 Nc4 20. Ra2 Qf6 21. Ne4 Nxe3+ 22. Kg1 Qe5 23. Qxd3 Nxd5 24. Ra1 Rfd8 25. Qf3 Qxb2 26. Rf1 Nf6 27. N4g3 h5 28. Kh2 Ng4+ 29. Kh3 Qa2 30. Rd1 Qe6 31. Nf4 Nxf2+ 32. Kh2 Ng4+ 33. Kh3 Qc6 34. Qe2 e5 35. Nd3 Qe6 36. Nc5 Nf2+ 37. Kh2 Ng4+ 38. Kh3 Qe7 39. Nce4 f6 40. Qa2+ Kh7 41. Qe2 Qe6 42. Rxd8 Rxd8 43. Re1 Rd4 44. Qf3 Bh6 45. Rb1 b6 46. a5 Qd7 47. axb6 axb6 48. Rxb6 Rd1 49. Nxf6+ Nxf6+ 50. Kh2 Ng4+ 51. Kh3 e4 52. Nxe4 Rh1+ 53. Kg3 Qc7+ 54. Rd6 Bg7 55. Ng5+ Kg8 56. Qb3+ Kf8 57. Ne6+ Ke7 58. Nxc7 Be5+ 59. Kf3 Kxd6 60. Nb5+ Kc5 61. Na3 Rc1 62. Qb5+ Kd4 63. Qb4+ Kd3 64. Qb3+ Kd2 65. Nc4+ Rxc4 66. Qxc4 Bc3 67. Qd5+ Kc1 68. Qc5 Kb2 69. Qb6+ Kc1 70. Ke4 Ne5 71. Qe6 Kd2 72. Qxe5 Bxe5 73. Kxe5 Ke3 74. Kf6 Kf4 75. Kxg6 Kg4 76. g3 Kxg3 77. Kxh5 Kf4 78. Kg6 1-0


[Site "https://www.chess.com"]

[Event "Titled Tuesday Blitz July 11 Early 2023"]
[White "Belov, Alexei"]
[Black "NikaVolkov"]
[WhiteFideId "4128206"]
[WhiteElo "2528"]
[BlackElo "2715"]
[Result "0-1"]
[Round "10"]
[TimeControl "180+2"]
[Date "2023.07.11"]
[WhiteClock "0:00:02"]
[BlackClock "0:01:21"]
[Board "31"]

1. e4 e6 2. d4 d5 3. Nd2 c5 4. Ngf3 Nf6 5. exd5 exd5 6. Bb5+ Nc6 7. O-O Be7 8. dxc5 Bxc5 9. Nb3 Bb6 10. Re1+ Be6 11. Nfd4 O-O 12. c3 Ne4 13. Be3 Qd6 14. Qf3 Ne5 15. Qe2 Ng4 16. g3 Nxe3 17. Qxe3 a6 18. Bd3 Rae8 19. Qf3 f5 20. Nxe6 Bxf2+ 21. Kg2 Rxe6 22. Nd4 Bxd4 23. cxd4 Qb4 24. Re2 Qxd4 25. Rd1 Qe5 26. Bc2 f4 27. Rf1 Ref6 28. Bxe4 dxe4 29. Rxe4 Qxb2+ 30. Re2 Qb5 31. gxf4 Rxf4 32. Qxf4 Rxf4 0-1


[Site "https://www.chess.com"]

[Event "Titled Tuesday Blitz July 11 Early 2023"]
[White "Petrosian, Karlen"]
[Black "lagarto93"]
[WhiteFideId "4176146"]
[WhiteElo "2711"]
[BlackElo "2526"]
[Result "0-1"]
[Round "10"]
[TimeControl "180+2"]
[Date "2023.07.11"]
[WhiteClock "0:00:00"]
[BlackClock "0:00:21"]
[Board "32"]

1. e4 e6 2. Qe2 c5 3. Nf3 Nc6 4. g3 g6 5. Bg2 Bg7 6. O-O Nge7 7. e5 d6 8. exd6 Qxd6 9. Nc3 b6 10. Ne4 Qd7 11. d3 Bb7 12. Bh6 O-O 13. Bxg7 Kxg7 14. Rfe1 Nf5 15. h4 Nfd4 16. Nxd4 Nxd4 17. Qd2 Rae8 18. h5 f5 19. h6+ Kg8 20. Ng5 Bxg2 21. Kxg2 Qd5+ 22. f3 f4 23. gxf4 Rf5 24. Re4 Ref8 25. Nh3 Rh5 26. c3 Nxf3 27. Qe2 Nh4+ 28. Kh2 Qf5 29. Re5 Nf3+ 30. Qxf3 Qxe5 31. Rf1 Qd5 32. Qg3 Rhf5 33. Rf2 e5 34. fxe5 Qxe5 35. Qxe5 Rxe5 36. Rd2 Rd8 37. Kg2 Re3 38. Nf2 Rd5 39. a3 Rg5+ 40. Kf1 Rh5 41. Kg2 Rg5+ 42. Kf1 Rge5 43. Ng4 Rf5+ 44. Kg2 Re7 45. Nf2 Kf7 46. Ne4 Rd7 47. b4 g5 48. Kg3 Kg6 49. b5 Kxh6 50. Nf2 Kg6 51. Re2 h5 52. Re8 h4+ 53. Kg2 Rf4 54. Rg8+ Rg7 55. Re8 g4 56. Re6+ Kf5 57. Rh6 h3+ 58. Kg1 Rf3 59. Ne4 Kf4 0-1


[Site "https://www.chess.com"]

[Event "Titled Tuesday Blitz July 11 Early 2023"]
[White "Amilal Munkhdalai"]
[Black "Womacka, Mathias"]
[WhiteFideId "4903250"]
[BlackFideId "4611390"]
[WhiteElo "2702"]
[BlackElo "2514"]
[Result "1-0"]
[Round "10"]
[TimeControl "180+2"]
[Date "2023.07.11"]
[WhiteClock "0:00:16"]
[BlackClock "0:00:47"]
[Board "33"]

1. e4 c5 2. Nf3 d6 3. d4 cxd4 4. Nxd4 Nf6 5. f3 e6 6. c4 Be7 7. Nc3 O-O 8. Be3 Nbd7 9. Be2 d5 10. exd5 exd5 11. cxd5 Nb6 12. O-O Nbxd5 13. Bf2 Nxc3 14. bxc3 Nd5 15. Qb3 Nf4 16. Bc4 Bc5 17. Rfe1 Qg5 18. Bg3 b6 19. Bxf7+ Rxf7 20. Re8+ Bf8 21. Rae1 Bb7 22. Rxa8 Bxa8 23. Re8 Bd5 24. Bxf4 Rxf4 25. Qb5 Rf7 26. h4 Qc1+ 27. Kh2 Bxa2 28. Qa4 Qxc3 29. Qxa2 Qxd4 30. g3 h6 31. h5 Qe5 32. Rxe5 1-0


[Site "https://www.chess.com"]

[Event "Titled Tuesday Blitz July 11 Early 2023"]
[White "gueraumasague"]
[Black "Jaracz, Pawel"]
[BlackFideId "1102222"]
[WhiteElo "2509"]
[BlackElo "2701"]
[Result "0-1"]
[Round "10"]
[TimeControl "180+2"]
[Date "2023.07.11"]
[WhiteClock "0:00:00"]
[BlackClock "0:00:50"]
[Board "34"]

1. e4 e5 2. Nc3 Bb4 3. Nd5 Bc5 4. Nf3 c6 5. Nc3 d6 6. Bc4 Nf6 7. d3 O-O 8. h3 d5 9. Bb3 dxe4 10. Nxe4 Nxe4 11. dxe4 Qxd1+ 12. Kxd1 Bxf2 13. Nxe5 Be6 14. Bxe6 fxe6 15. Ke2 Bg3 16. Nf3 Na6 17. Be3 Nb4 18. Rhc1 Bf4 19. a3 Na6 20. Rd1 Bxe3 21. Kxe3 Rad8 22. Rd4 Rxd4 23. Nxd4 Nc7 24. Rd1 Rd8 25. Rd3 c5 26. Nf3 Rxd3+ 27. Kxd3 b5 28. a4 a6 29. axb5 axb5 30. Ne5 g5 31. c3 Kg7 32. b4 cxb4 33. cxb4 Kf6 34. Ng4+ Ke7 35. Kd4 Na6 36. Kc3 Kd6 37. Nf6 h6 38. Ng8 h5 39. Nf6 Ke5 40. Nxh5 Kxe4 41. Nf6+ Kf4 42. Kd4 Nxb4 43. Kc5 Nd5 44. Nh5+ Ke3 45. Kxb5 Nf4 46. Ng7 Kf2 47. Kc5 Kxg2 48. Kd6 Kxh3 49. Ke5 Kg4 50. Ne8 Kf3 51. Nf6 g4 0-1


[Site "https://www.chess.com"]

[Event "Titled Tuesday Blitz July 11 Early 2023"]
[White "Begmuratov, Alisher"]
[Black "Rakitic2010"]
[WhiteFideId "14203367"]
[WhiteElo "2673"]
[BlackElo "2490"]
[Result "1-0"]
[Round "10"]
[TimeControl "180+2"]
[Date "2023.07.11"]
[WhiteClock "0:00:54"]
[BlackClock "0:00:27"]
[Board "35"]

1. e4 Nf6 2. e5 Nd5 3. Nc3 Nxc3 4. dxc3 d6 5. Nf3 g6 6. Bc4 Bg7 7. h4 Nc6 8. exd6 Qxd6 9. Qe2 Bg4 10. Bxf7+ Kf8 11. Bb3 Ne5 12. Qe4 Rd8 13. Bf4 Bf5 14. Qxe5 Bxe5 15. Bxe5 Qd7 16. Bxh8 Be4 17. Nd4 Ke8 18. O-O-O e5 19. Ne6 Qe7 1-0


[Site "https://www.chess.com"]

[Event "Titled Tuesday Blitz July 11 Early 2023"]
[White "arenal72"]
[Black "Leon Oquendo, Jorge"]
[BlackFideId "3514803"]
[WhiteElo "2461"]
[BlackElo "2577"]
[Result "1-0"]
[Round "10"]
[TimeControl "180+2"]
[Date "2023.07.11"]
[WhiteClock "0:00:13"]
[BlackClock "0:00:01"]
[Board "36"]

1. e4 c5 2. Nf3 d6 3. d4 cxd4 4. Nxd4 Nf6 5. Nc3 Nc6 6. Be3 Ng4 7. Bg5 h6 8. Bh4 g5 9. Bg3 Bg7 10. Nf5 Bxf5 11. exf5 Bxc3+ 12. bxc3 Nf6 13. h4 Rg8 14. hxg5 hxg5 15. Rb1 Qa5 16. Qf3 O-O-O 17. Bb5 Kc7 18. O-O g4 19. Qd3 Rh8 20. Bxc6 bxc6 21. Qe2 Rhe8 22. Rb4 Nd5 23. Rc4 Qb5 24. a4 Qa6 25. Qxg4 Rg8 26. Qe4 Kd7 27. Rd1 Qb6 28. Qf3 Rg5 29. Rg4 Rxg4 30. Qxg4 Nf6 31. Qc4 Rg8 32. Bxd6 Nd5 33. Bc5 Qc7 34. a5 Qe5 35. Qd4 Qxd4 36. cxd4 Rg5 37. c4 Nc3 38. Rd3 Ne2+ 39. Kf1 Nf4 40. Rf3 Nxg2 41. Bxa7 Nh4 42. Rf4 Nxf5 43. Bc5 Nd6 44. Bxd6 Kxd6 45. c5+ Kd5 46. a6 Rg8 47. Rxf7 e5 48. Rd7+ Ke6 49. Rd6+ Kf5 50. dxe5 Kxe5 51. Rxc6 Ra8 52. Ke2 Kd5 53. Rh6 Kxc5 54. f4 Kd5 55. Kf3 Rg8 56. a7 Ra8 57. Rh7 Ke6 58. Rb7 Kf6 59. Ke4 Ke6 60. f5+ Kf6 61. Rb6+ Kf7 62. Ra6 Re8+ 63. Kf4 Ra8 64. Kg5 Kg7 65. Rg6+ Kf7 66. Rh6 Kg7 67. f6+ Kg8 68. Rg6+ Kf8 69. Rg7 Rc8 70. Kg6 Ra8 71. Rb7 Rc8 72. Rb8 Ke8 73. Rxc8+ Kd7 74. a8=Q 1-0


[Site "https://www.chess.com"]

[Event "Titled Tuesday Blitz July 11 Early 2023"]
[White "Dau Khuong Duy"]
[Black "Tologon tegin, Semetei"]
[WhiteFideId "12424722"]
[BlackFideId "13800574"]
[WhiteElo "2877"]
[BlackElo "2583"]
[Result "1-0"]
[Round "10"]
[TimeControl "180+2"]
[Date "2023.07.11"]
[WhiteClock "0:00:15"]
[BlackClock "0:00:04"]
[Board "37"]

1. e4 g6 2. d4 Bg7 3. Nc3 c6 4. h4 h5 5. Nh3 d5 6. e5 Bf5 7. Ng5 e6 8. f3 a6 9. Be3 c5 10. g4 hxg4 11. fxg4 Be4 12. Ncxe4 dxe4 13. Nxe4 cxd4 14. Nd6+ Kf8 15. Qf3 Qa5+ 16. b4 Qc7 17. Bxd4 Nc6 18. Bc5 Nxe5 19. Qxb7 Qxb7 20. Nxb7+ Ne7 21. O-O-O Nxg4 22. Bg2 Bf6 23. Rhf1 Kg7 24. Nd6 Rad8 25. Bb6 Rb8 26. Bc5 Nf5 27. Nxf5+ gxf5 28. Bf3 Rxh4 29. a3 Kg6 30. Be2 a5 31. b5 Bg5+ 32. Kb2 Rh2 33. Bd6 Rc8 34. Bxh2 Nxh2 35. Rg1 Kf6 36. Rg2 Bf4 37. Rh1 Be5+ 38. Kb1 Rh8 39. c4 Rh3 40. Ka2 a4 41. Bd1 Bd6 42. c5 Bxc5 43. Rgxh2 Rxa3+ 44. Kb1 Rc3 45. Rc2 Rxc2 46. Bxc2 f4 47. Bxa4 e5 48. Bc2 Ke6 49. Rh6+ Kd5 50. b6 e4 51. Rh5+ Kd4 52. Rxc5 Kxc5 53. b7 e3 54. b8=Q e2 55. Qe5+ Kb6 56. Qxe2 f3 57. Qxf3 1-0


[Site "https://www.chess.com"]

[Event "Titled Tuesday Blitz July 11 Early 2023"]
[White "Nasuta, Grzegorz"]
[Black "Arat, Ufuk Sezen"]
[WhiteFideId "1141686"]
[BlackFideId "6309089"]
[WhiteElo "2745"]
[BlackElo "2582"]
[Result "1-0"]
[Round "10"]
[TimeControl "180+2"]
[Date "2023.07.11"]
[WhiteClock "0:00:15"]
[BlackClock "0:00:44"]
[Board "38"]

1. e4 c5 2. Nf3 e6 3. d4 cxd4 4. Nxd4 Nc6 5. Nc3 Qc7 6. a3 a6 7. Be3 b5 8. Nxc6 Qxc6 9. Be2 Bb7 10. O-O Bc5 11. Bd4 Ne7 12. Bxg7 Rg8 13. Bd4 Ng6 14. g3 Nf4 15. Bf3 Nh3+ 16. Kh1 O-O-O 17. Bg2 Bxd4 18. Qxd4 e5 19. Qxe5 Rg5 20. Qd4 Rh5 21. Nd5 Kb8 22. Qf6 Qxf6 23. Nxf6 Rh6 24. Ng4 Rh5 25. Rad1 Ng5 26. Nf6 Rh6 27. Nxd7+ Ka7 28. Nc5 Rxd1 29. Rxd1 Bc6 30. f4 Ne6 31. Nxe6 Rxe6 32. e5 Bxg2+ 33. Kxg2 Re7 34. Kf3 a5 35. c3 Kb6 36. Ke4 Kc5 37. Rd4 f6 38. b4+ Kc6 39. Rd6+ Kc7 40. Rxf6 axb4 41. axb4 Rd7 42. Rd6 Re7 43. f5 Re8 44. f6 Rf8 45. Kd5 1-0


[Site "https://www.chess.com"]

[Event "Titled Tuesday Blitz July 11 Early 2023"]
[White "NovoselovRoman"]
[Black "djokovic74"]
[WhiteElo "2574"]
[BlackElo "2700"]
[Result "1-0"]
[Round "10"]
[TimeControl "180+2"]
[Date "2023.07.11"]
[WhiteClock "0:00:26"]
[BlackClock "0:00:03"]
[Board "39"]

1. e4 e6 2. d4 d5 3. Nc3 Nf6 4. exd5 exd5 5. Bd3 Bd6 6. Nge2 c6 7. Bg5 h6 8. Bh4 Nbd7 9. Qd2 Nf8 10. O-O-O Ne6 11. Kb1 Bd7 12. f4 Qc7 13. f5 Nf8 14. Bxf6 gxf6 15. Qe3+ Kd8 16. Ng3 Bf4 17. Qf3 Bxg3 18. hxg3 Qd6 19. Rh3 Kc7 20. Rdh1 Re8 21. a3 Rg8 22. Ne2 Nh7 23. Rxh6 Ng5 24. Qf4 Qxf4 25. Nxf4 Ne4 26. Bxe4 Rxe4 27. Rxf6 Rxg3 28. Rf1 Re7 29. Rf2 Rg5 30. Nd3 Rg4 31. c3 Be8 32. Ne5 Rg3 33. Kc2 a5 34. Kd2 a4 35. Ke2 c5 36. Kf1 cxd4 37. cxd4 Bb5+ 38. Kg1 Re8 39. Rxf7+ Kb6 40. f6 Rc8 41. Re7 Rgg8 42. f7 Rh8 43. g4 Rc1+ 44. Kg2 Rhh1 45. f8=Q Rcg1+ 46. Kf3 Rh3+ 47. Kf4 Rd1 48. Re6+ Bc6 49. Qc5+ Ka6 50. Nxc6 b6 51. Nb4+ Ka7 52. Qc7+ Ka8 53. Re8# 1-0


[Site "https://www.chess.com"]

[Event "Titled Tuesday Blitz July 11 Early 2023"]
[White "Materia, Marco"]
[Black "Shubenkova, Veronika"]
[WhiteFideId "45150451"]
[BlackFideId "44124040"]
[WhiteElo "2696"]
[BlackElo "2557"]
[Result "1/2-1/2"]
[Round "10"]
[TimeControl "180+2"]
[Date "2023.07.11"]
[WhiteClock "0:00:27"]
[BlackClock "0:00:23"]
[Board "41"]

1. d4 d5 2. c4 e6 3. Nf3 Nf6 4. Nc3 Be7 5. Bg5 O-O 6. e3 c6 7. Qc2 Nbd7 8. a3 h6 9. Bh4 Re8 10. Rd1 dxc4 11. Bxc4 Nd5 12. Bxe7 Qxe7 13. O-O Nxc3 14. Qxc3 b5 15. Ba2 Bb7 16. e4 c5 17. d5 exd5 18. exd5 c4 19. a4 a6 20. b3 cxb3 21. Bxb3 b4 22. Qd4 Qd6 23. Nh4 Re5 24. Rfe1 Rae8 25. Rxe5 Rxe5 26. f4 Re8 27. Qxg7+ Kxg7 28. Nf5+ Kf6 29. Nxd6 Rb8 30. Ne4+ Kf5 31. Ng3+ Kxf4 32. Rf1+ Ke5 33. Rxf7 Nc5 34. Rf5+ Kd4 35. Ne2+ Ke3 36. Bc4 b3 37. Rf3+ Kd2 38. Bxb3 Kxe2 39. Bc4+ Kd2 40. a5 Re8 41. Rf7 Re1+ 42. Kf2 Ne4+ 43. Kf3 Nd6 44. Rc7 Ba8 45. Bxa6 Bxd5+ 46. Kg4 Bxg2 47. Rd7 Re6 48. Bc4 Rf6 49. a6 Ke3 50. Re7+ Kd4 51. Be2 Rg6+ 52. Kh5 Rf6 53. a7 Kc5 54. Re3 Rf8 55. Rb3 Ra8 56. Ra3 Nb5 57. Ra5 Bc6 58. Bxb5 Bxb5 59. Kxh6 Kb6 60. Ra1 Bc6 61. Kg7 Rxa7+ 62. Rxa7 Kxa7 63. h4 Be4 64. h5 Bb1 65. h6 Be4 66. h7 Bxh7 1/2-1/2


[Site "https://www.chess.com"]

[Event "Titled Tuesday Blitz July 11 Early 2023"]
[White "Schwabeneder, Florian"]
[Black "robertoalejandro10"]
[WhiteFideId "1626191"]
[WhiteElo "2688"]
[BlackElo "2554"]
[Result "1/2-1/2"]
[Round "10"]
[TimeControl "180+2"]
[Date "2023.07.11"]
[WhiteClock "0:00:24"]
[BlackClock "0:00:20"]
[Board "42"]

1. e4 c5 2. Nf3 g6 3. d4 cxd4 4. Qxd4 Nf6 5. Nc3 Nc6 6. Qa4 d6 7. e5 dxe5 8. Nxe5 Bd7 9. Nxd7 Nxd7 10. Bb5 Bg7 11. O-O O-O 12. Rd1 Qc8 13. Bxc6 bxc6 14. Be3 Nb6 15. Qe4 Nd5 16. Nxd5 cxd5 17. Rxd5 Bxb2 18. Rb1 Bf6 19. g4 Qc6 20. Qd3 Qa4 21. h3 Qxa2 22. Rb7 Rfc8 23. g5 Bg7 24. Rxe7 Qxc2 25. Qxc2 Rxc2 26. Rdd7 Rf8 27. Rxa7 Rcc8 28. Kg2 Rce8 29. Rec7 Rc8 30. Rd7 Rcd8 31. Rdb7 Bd4 32. Bxd4 Rxd4 33. Kg3 Kg7 34. Rd7 Re4 35. Re7 Rc4 36. Rec7 Rb4 37. Rcb7 Rxb7 38. Rxb7 Rd8 39. h4 Rd3+ 40. f3 Rd1 41. Ra7 Rg1+ 42. Kf2 Rh1 43. Kg3 Rg1+ 44. Kf2 Rb1 45. Rc7 Rb2+ 46. Kg3 Rb5 47. Ra7 Rf5 48. Rb7 h6 49. Kg4 h5+ 50. Kg3 Rc5 51. Ra7 Rc1 52. Rb7 Rg1+ 53. Kf2 Rh1 54. Kg3 Rc1 55. Ra7 Rg1+ 56. Kf2 Rh1 57. Kg3 Rg1+ 58. Kf2 Rh1 59. Kg3 Rg1+ 1/2-1/2


[Site "https://www.chess.com"]

[Event "Titled Tuesday Blitz July 11 Early 2023"]
[White "Yurovskykh, Oleksandr"]
[Black "Shuvalova, Polina"]
[WhiteFideId "14134020"]
[BlackFideId "24171760"]
[WhiteElo "2551"]
[BlackElo "2679"]
[Result "1/2-1/2"]
[Round "10"]
[TimeControl "180+2"]
[Date "2023.07.11"]
[WhiteClock "0:00:23"]
[BlackClock "0:00:07"]
[Board "43"]

1. d4 Nf6 2. Nf3 d5 3. c3 c5 4. e3 Nc6 5. Nbd2 Bf5 6. dxc5 e5 7. b4 e4 8. Nd4 Bd7 9. Bb2 Be7 10. Qb3 a5 11. a3 axb4 12. axb4 Rxa1+ 13. Bxa1 Qa8 14. Bb2 O-O 15. Be2 b6 16. Nxc6 Qxc6 17. cxb6 Qxb6 18. O-O Rc8 19. Ra1 Bb5 20. Qd1 h6 21. Bxb5 Qxb5 22. Qf1 Qd7 23. h3 Bd6 24. Ra5 Be5 25. Qb5 Qxb5 26. Rxb5 Bxc3 27. Bxc3 Rxc3 28. g4 Kf8 29. Kg2 Ke7 30. Rb7+ Nd7 31. Nf1 Kd6 32. Ng3 g6 33. Ne2 Rc2 34. Nd4 Rb2 35. b5 Ne5 36. Kg3 Rb1 37. Kg2 Rb2 38. Kg3 Rb1 39. Kg2 Rb4 40. Rb8 Rb2 41. Rb7 f6 42. Rb6+ Ke7 43. Rb7+ Kd6 44. Rb6+ Ke7 45. Rb7+ Kd6 1/2-1/2


[Site "https://www.chess.com"]

[Event "Titled Tuesday Blitz July 11 Early 2023"]
[White "Hajiyev, Kanan"]
[Black "Kvaloy, Aksel Bu"]
[WhiteFideId "13404148"]
[BlackFideId "1528815"]
[WhiteElo "2549"]
[BlackElo "2665"]
[Result "0-1"]
[Round "10"]
[TimeControl "180+2"]
[Date "2023.07.11"]
[WhiteClock "0:00:05"]
[BlackClock "0:01:16"]
[Board "44"]

1. d4 Nf6 2. Nf3 e6 3. c4 d5 4. cxd5 exd5 5. Nc3 Bb4 6. Qc2 O-O 7. Bf4 c5 8. e3 cxd4 9. Nxd4 Nc6 10. Rd1 Be6 11. Bb5 Rc8 12. Nxc6 bxc6 13. Ba6 Rc7 14. Bxc7 Qxc7 15. O-O Bd6 16. g3 h5 17. Rc1 h4 18. Nb5 Qb8 19. Nxd6 Qxd6 20. Qxc6 Qe5 21. Qc3 Qh5 22. Qc7 hxg3 23. Qxg3 Ne4 24. Qf4 Bh3 25. Kh1 g5 26. Rg1 Kh7 27. Rxg5 Nxg5 28. Bd3+ Ne4 29. f3 Qg6 30. Rg1 Nf2# 0-1


[Site "https://www.chess.com"]

[Event "Titled Tuesday Blitz July 11 Early 2023"]
[White "Shvedova, Alexandra"]
[Black "Perez Candelario, Manuel"]
[WhiteFideId "54154782"]
[BlackFideId "2210622"]
[WhiteElo "2542"]
[BlackElo "2660"]
[Result "0-1"]
[Round "10"]
[TimeControl "180+2"]
[Date "2023.07.11"]
[WhiteClock "0:00:01"]
[BlackClock "0:00:06"]
[Board "45"]

1. e4 c5 2. Ne2 g6 3. d4 cxd4 4. Nxd4 Nc6 5. c4 Nf6 6. Nc3 d6 7. f3 Nxd4 8. Qxd4 Bg7 9. Be3 O-O 10. Qd2 a5 11. b3 a4 12. b4 a3 13. Be2 Be6 14. Rc1 Nd7 15. O-O Nb6 16. Nd5 Bxd5 17. exd5 Nd7 18. c5 dxc5 19. bxc5 Bb2 20. Rc2 Rc8 21. Bd4 Bxd4+ 22. Qxd4 Qa5 23. Rfc1 Rfd8 24. Qe3 Nf6 25. c6 Nxd5 26. Qc5 Qxc5+ 27. Rxc5 bxc6 28. Rxc6 Rxc6 29. Rxc6 Nb4 30. Rc3 Nxa2 31. Rxa3 Nb4 32. Kf2 e6 33. Ra7 Kg7 34. Rb7 Nd5 35. g3 h5 36. h4 Rc8 37. Bd3 Kf6 38. Ra7 Rc3 39. Ke2 Rb3 40. Bc4 Rb2+ 41. Kd3 Ne7 42. Ke3 Rg2 43. Bf1 Rb2 44. g4 Nd5+ 45. Kd4 Rb4+ 46. Kc5 hxg4 47. Bc4 Rb1 48. fxg4 Nf4 49. g5+ Kg7 50. Kd4 Re1 51. Re7 Ng2 52. h5 gxh5 53. Bd3 Nf4 54. Be4 Ng6 55. Ra7 h4 56. Ra3 e5+ 57. Kd5 Rd1+ 58. Kc5 Rd4 59. Bf5 Rf4 60. Bb1 Rg4 61. Ra7 Rxg5 62. Ba2 Rf5 63. Be6 Rf4 64. Kd5 Rf2 65. Ke4 Rf4+ 66. Ke3 Rf1 67. Ke4 Rf6 68. Bd5 Rf4+ 69. Ke3 h3 70. Rb7 h2 71. Ra7 Rf1 72. Ke2 h1=Q 0-1


[Site "https://www.chess.com"]

[Event "Titled Tuesday Blitz July 11 Early 2023"]
[White "Komov, Roman"]
[Black "brm72"]
[WhiteFideId "24175714"]
[WhiteElo "2657"]
[BlackElo "2539"]
[Result "1-0"]
[Round "10"]
[TimeControl "180+2"]
[Date "2023.07.11"]
[WhiteClock "0:00:38"]
[BlackClock "0:00:42"]
[Board "46"]

1. e4 c6 2. d4 d5 3. Nd2 dxe4 4. Nxe4 Nf6 5. Nxf6+ exf6 6. c3 Bd6 7. Bd3 O-O 8. Qc2 Re8+ 9. Ne2 h5 10. O-O Nd7 11. Nf4 Qc7 12. g3 h4 13. Qd1 Nf8 14. Qh5 g6 15. Nxg6 fxg6 16. Bxg6 Re7 17. Bh6 Be6 18. Rae1 Bc4 19. Rxe7 Qxe7 20. Ra1 Be2 21. Bxf8 Bxh5 22. Bxe7 Bxg6 23. Bxd6 hxg3 24. hxg3 Kf7 25. a4 Be4 26. Re1 Bd5 27. Re7+ Kg6 28. Rxb7 Bf3 29. Rb8 Rxb8 30. Bxb8 Bd1 31. a5 Kf5 32. Bxa7 1-0


[Site "https://www.chess.com"]

[Event "Titled Tuesday Blitz July 11 Early 2023"]
[White "Keleberda, Tymur"]
[Black "Oleksiyenko, Mykhaylo"]
[WhiteFideId "14174294"]
[BlackFideId "4152417"]
[WhiteElo "2523"]
[BlackElo "2652"]
[Result "0-1"]
[Round "10"]
[TimeControl "180+2"]
[Date "2023.07.11"]
[WhiteClock "0:00:05"]
[BlackClock "0:00:18"]
[Board "47"]

1. e4 c5 2. Nf3 e6 3. c3 d5 4. exd5 Qxd5 5. d4 Nf6 6. Na3 Nc6 7. Nb5 Qd8 8. dxc5 Bxc5 9. Qxd8+ Kxd8 10. Bf4 a6 11. Nd6 Ke7 12. Nxc8+ Raxc8 13. Bd3 Rhd8 14. Bc2 Nb4 15. Bb1 Nd3+ 16. Bxd3 Rxd3 17. Ke2 Rcd8 18. Ne5 R3d5 19. Nc4 b5 20. Na5 Kf8 21. Nb3 Bb6 22. f3 Nh5 23. Be3 Re5 24. Nd4 Nf4+ 25. Kd2 Nxg2 26. Bf2 Nf4 27. Kc2 Bxd4 28. Bxd4 Re2+ 29. Kb3 Nd3 30. Rab1 e5 31. Bb6 Rd6 32. Ba7 Rd7 33. Bb6 Rb7 34. Ba5 Nc5+ 35. Ka3 Ke8 36. h4 f5 37. Rhd1 Rd7 38. Rg1 g6 39. Rbe1 Rxe1 40. Rxe1 Nd3 41. Re3 Kf7 42. Kb3 f4 0-1


[Site "https://www.chess.com"]

[Event "Titled Tuesday Blitz July 11 Early 2023"]
[White "HamedWafa4"]
[Black "FromTexas54"]
[WhiteElo "2619"]
[BlackElo "2531"]
[Result "0-1"]
[Round "10"]
[TimeControl "180+2"]
[Date "2023.07.11"]
[WhiteClock "0:00:13"]
[BlackClock "0:01:20"]
[Board "48"]

1. e4 e5 2. Nf3 Nc6 3. Bb5 a6 4. Ba4 Nf6 5. O-O Be7 6. d3 d6 7. a3 O-O 8. Nc3 b5 9. Bb3 Na5 10. Ba2 c5 11. Nd5 Nxd5 12. Bxd5 Ra7 13. b4 Nb7 14. Be3 Qc7 15. a4 bxa4 16. Rxa4 Bd7 17. Ra1 a5 18. Bxb7 Qxb7 19. bxa5 Rfa8 20. Rb1 Qc8 21. Bd2 Bd8 22. h3 Bxa5 23. Bxa5 Rxa5 24. Qd2 Ra2 25. Rb6 Qc7 26. Rfb1 Ra1 27. Rb2 h6 28. Rxa1 Rxa1+ 29. Kh2 Be6 30. c4 Qa7 31. Qc3 Qa4 32. Qb3 Qxb3 33. Rxb3 Rd1 34. Kg3 f5 35. Rb8+ Kf7 36. Rb7+ Kf6 37. Rb3 fxe4 38. dxe4 Bxc4 39. Rb6 Be6 40. Rc6 Ke7 41. Rc7+ Kd8 42. Rxg7 c4 43. Rg6 c3 44. Rxe6 c2 45. Rxh6 c1=Q 46. Rf6 Rd3 47. h4 d5 48. Rd6+ Ke7 49. Rxd5 Qf4+ 50. Kh3 Rxf3+ 51. gxf3 Qxf3+ 52. Kh2 Qxf2+ 53. Kh3 Qf3+ 54. Kh2 Qxe4 0-1


[Site "https://www.chess.com"]

[Event "Titled Tuesday Blitz July 11 Early 2023"]
[White "Yurasova, Daria"]
[Black "Ovchinnikov, Vsevolod"]
[WhiteFideId "34146919"]
[BlackFideId "24176842"]
[WhiteElo "2457"]
[BlackElo "2619"]
[Result "1-0"]
[Round "10"]
[TimeControl "180+2"]
[Date "2023.07.11"]
[WhiteClock "0:00:36"]
[BlackClock "0:00:00"]
[Board "49"]

1. d4 Nf6 2. Bg5 d5 3. Bxf6 gxf6 4. e3 h5 5. h4 Bg4 6. Be2 Qd7 7. Nd2 e5 8. c3 c5 9. Qb3 Nc6 10. Ngf3 O-O-O 11. Rd1 Kb8 12. Bb5 e4 13. Ng1 Bxd1 14. Qxd1 f5 15. Ne2 a6 16. Ba4 cxd4 17. Nxd4 b5 18. Bb3 Nxd4 19. cxd4 Rc8 20. O-O Rc6 21. Nb1 Bb4 22. a3 Ba5 23. Ba2 Ka7 24. b4 Bd8 25. Qb3 Bxh4 26. Nc3 Rhc8 27. Nxd5 Bg5 28. a4 bxa4 29. Qxa4 Rd6 30. Qa5 Rb8 31. Bc4 Rb7 32. Ra1 Qc6 33. b5 Qxc4 34. bxa6 Rxa6 35. Qe1 Qxd5 36. Rc1 Qa5 37. Qe2 h4 38. Qh5 Be7 39. Qxf7 Ba3 40. Rd1 1-0


[Site "https://www.chess.com"]

[Event "Titled Tuesday Blitz July 11 Early 2023"]
[White "Piesik, Piotr"]
[Black "AlivodicDario"]
[WhiteFideId "1136194"]
[WhiteElo "2605"]
[BlackElo "2511"]
[Result "1-0"]
[Round "10"]
[TimeControl "180+2"]
[Date "2023.07.11"]
[WhiteClock "0:01:23"]
[BlackClock "0:00:34"]
[Board "50"]

1. Nf3 d5 2. g3 c5 3. Bg2 Nc6 4. O-O e5 5. d3 Nge7 6. Nbd2 Ng6 7. e4 d4 8. a4 Be7 9. Nc4 h5 10. h4 Bg4 11. Qe1 Qd7 12. Nh2 Be6 13. Bd2 f6 14. f4 exf4 15. gxf4 f5 16. exf5 Bxf5 17. Nf3 O-O-O 18. Ng5 Rde8 19. Qg3 Rhf8 20. a5 Bd6 21. Rae1 Kc7 22. Nxd6 Qxd6 23. Ne4 Qe7 24. Qg5 Qxg5 25. hxg5 b6 26. axb6+ axb6 27. Ng3 Bg4 28. Rxe8 Rxe8 29. f5 Nh4 30. Bf4+ Kb7 31. Be4 Rf8 32. Bd6 Rf7 33. f6 gxf6 34. g6 Rg7 35. Rxf6 Bd7 36. Rf7 1-0


[Site "https://www.chess.com"]

[Event "Titled Tuesday Blitz July 11 Early 2023"]
[White "Goswami, Vedant"]
[Black "Vlassov, Nikolai"]
[WhiteFideId "5003725"]
[BlackFideId "4103360"]
[WhiteElo "2417"]
[BlackElo "2593"]
[Result "0-1"]
[Round "10"]
[TimeControl "180+2"]
[Date "2023.07.11"]
[WhiteClock "0:00:08"]
[BlackClock "0:00:07"]
[Board "51"]

1. c3 f5 2. d3 Nf6 3. Nd2 e5 4. e4 d5 5. Ngf3 Nc6 6. b4 dxe4 7. dxe4 fxe4 8. b5 exf3 9. bxc6 fxg2 10. Bxg2 b6 11. Qe2 Bd6 12. Nc4 O-O 13. Nxd6 Qxd6 14. O-O Bg4 15. Qc4+ Kh8 16. a4 Rfd8 17. Be3 Qd3 18. Qb5 Be2 19. Rfe1 Qxb5 20. axb5 Bxb5 21. f4 exf4 22. Bxf4 Nd5 23. Be5 Bxc6 24. c4 Nb4 25. Bxc7 Rdc8 26. Bd6 Nc2 27. Re7 Bxg2 28. Rc1 Rxc4 29. Be5 Rg8 30. Rxa7 Be4 31. Rca1 Nxa1 0-1


[Site "https://www.chess.com"]